Map: Bel'Shir Vestige LE (Void)

Players

Railgan

  • Race: Zerg Zerg
  • League: Grandmaster
  • Spawn Location: 11:00

llllllllllll - Winner!

  • Race: Terran Terran
  • League: Master
  • Spawn Location: 5:00

VOD

Have the link to the VOD?

Description

Time

  • Played on: March 17, 2017, 6:38 p.m.
  • Length: 11:01
Show
View Real Time Build Order
Export as new Build Order

Railgan Zerg 

Build Orders: Pool First 

Get SALT Encoding   

  12  0:01  Drone  
  13  0:12  Overlord  
  13  0:17  Drone  
  14  0:30  Drone x2  
  14  0:34  Drone  
  17  0:47  Drone, Spawning Pool  
  17  0:55  Drone  
  18  1:12  Extractor, Hatchery  
  18  1:17  Drone  
  18  1:18  Drone  
  18  1:30  Drone  
  19  1:33  Queen  
  19  1:38  Zergling x2  
  22  1:49  Overlord  
  22  2:08  Drone  
  23  2:09  Queen  
  25  2:20  Drone, Metabolic Boost  
  26  2:23  Drone  
  29  2:31  Zergling x2  
  29  2:32  Roach Warren  
  29  2:35  Spine Crawler  
  28  2:43  Zergling x4  
  30  2:48  Overlord  
  29  3:03  Overlord  
  26  3:17  Roach  
  26  3:18  Roach x2  
  26  3:19  Roach  
  38  3:20  Roach x2  
  38  3:23  Roach  
  40  3:32  Roach  
  42  3:41  Zergling x4  
  42  3:44  Extractor  
  41  3:56  Zergling x8  
  41  4:02  Ravager  
  45  4:04  Overlord  
  45  4:15  Zergling x2  
  43  4:26  Drone  
  43  4:35  Ravager, Zergling x6  
  43  4:36  Drone  
  47  4:49  Zergling x2  
  48  4:55  Lair  
  48  5:05  Drone  
  49  5:08  Drone, Spore Crawler  
  49  5:09  Drone  
  49  5:12  Zergling x2  
  49  5:17  Hatchery  
  49  5:19  Zergling x2  
  49  5:25  Drone  
  50  5:36  Drone  
  50  5:38  Drone  
  50  5:39  Overlord  
  52  5:48  Drone x2  
  53  5:57  Queen  
  55  6:08  Nydus Network  
  55  6:09  Roach x2  
  58  6:13  Roach  
  60  6:19  Overseer  
  60  6:23  Overlord  
  60  6:27  Overlord  
  60  6:34  Spore Crawler  
  58  6:41  Drone x2  
  57  6:48  Roach x2  
  57  6:54  Nydus Canal  
  61  6:59  Roach  
  63  7:03  Roach  
  65  7:13  Roach x2  
  67  7:21  Roach  
  64  7:26  Roach  
  64  7:28  Roach  
  52  7:33  Roach  
  52  7:35  Roach  
  43  7:38  Drone  
  43  7:40  Drone  
  39  7:47  Drone x2  
  39  7:50  Drone  
  42  7:55  Drone  
  43  7:58  Drone  
  43  8:04  Queen  
  46  8:11  Queen  
  48  8:26  Evolution Chamber  
  48  8:27  Drone x3  
  48  8:28  Drone, Evolution Chamber  
  48  8:31  Drone  
  48  8:33  Drone  
  52  8:43  Drone x2  
  52  8:48  Hydralisk Den  
  53  8:52  Drone  
  53  8:53  Extractor x2, Zerg Missile Weapons Level 1  
  52  8:59  Zerg Ground Armor Level 1  
  52  9:02  Ravager x3  
  55  9:06  Drone  
  55  9:07  Drone  
  57  9:13  Ravager x2  
  57  9:15  Drone  
  60  9:22  Roach x2  
  60  9:34  Roach x2  
  64  9:41  Roach  
  64  9:42  Roach  
  64  9:44  Queen  
  68  9:45  Overseer  
  68  9:46  Hydralisk  
  70  9:58  Hydralisk  
  70  9:59  Hydralisk x2  
  69  10:09  Hydralisk  
  63  10:29  Drone x4  
  67  10:40  Drone  
  67  10:41  Drone  
Show
View Real Time Build Order
Export as new Build Order

llllllllllll Terran - Winner!

Build Orders: MMM Bio 

Get SALT Encoding   

  12  0:00  SCV  
  13  0:12  SCV  
  14  0:18  Supply Depot  
  14  0:24  SCV  
  15  0:39  SCV  
  15  0:41  Barracks  
  16  0:51  SCV  
  17  0:58  Barracks  
  17  1:07  SCV  
  18  1:14  Barracks  
  18  1:19  SCV  
  19  1:27  Marine  
  19  1:31  Orbital Command  
  20  1:40  Supply Depot  
  20  1:44  Marine  
  20  1:45  Marine  
  22  1:57  SCV  
  23  2:01  Marine, Refinery  
  23  2:03  Marine  
  23  2:05  Marine  
  26  2:11  Supply Depot, SCV  
  27  2:19  Marine  
  27  2:21  Marine  
  29  2:23  SCV  
  29  2:27  Bunker  
  30  2:33  Marine  
  30  2:35  SCV  
  32  2:37  Marine  
  33  2:44  Marine  
  33  2:50  Supply Depot  
  33  2:51  Marine, SCV  
  36  2:55  Marine  
  36  3:16  SCV  
  36  3:17  Refinery  
  36  3:18  Factory  
  37  3:28  SCV  
  38  3:42  Command Center  
  38  3:46  SCV  
  39  3:49  Supply Depot  
  39  3:58  SCV  
  40  4:05  Factory Tech Lab, Starport  
  40  4:11  SCV  
  39  4:23  SCV  
  40  4:34  Barracks Reactor, Barracks Tech Lab  
  40  4:35  SCV  
  40  4:36  Barracks Reactor  
  41  4:47  SCV  
  41  4:54  Cloaking Field, Banshee  
  41  4:55  Orbital Command  
  41  4:56  Factory Tech Lab  
  41  4:59  SCV  
  45  5:00  Hellion  
  45  5:04  Marine  
  42  5:11  SCV  
  42  5:13  Marine x2  
  42  5:14  Marine x2  
  42  5:18  Orbital Command  
  41  5:22  Hellion  
  41  5:23  SCV  
  41  5:24  Marine  
  45  5:28  Stimpack  
  45  5:32  Marine  
  45  5:33  Marine x2  
  45  5:34  Marine  
  49  5:37  Banshee  
  52  5:45  SCV x2  
  54  5:53  Marine x2  
  54  5:56  Marine  
  54  5:57  Marine x2, SCV  
  57  6:02  Bunker  
  57  6:03  SCV  
  61  6:09  SCV  
  61  6:11  Marine  
  63  6:12  Supply Depot  
  63  6:13  Marine  
  63  6:16  Factory Reactor, SCV  
  63  6:17  Marine  
  66  6:20  Supply Depot  
  66  6:21  SCV  
  66  6:24  Marine x2  
  69  6:27  Starport Reactor  
  69  6:28  SCV  
  70  6:33  SCV  
  70  6:34  Supply Depot  
  70  6:35  Marine x2  
  73  6:40  SCV  
  73  6:42  Marine x2  
  73  6:45  SCV  
  73  6:47  Marauder  
  79  6:49  Refinery  
  79  6:50  Refinery  
  79  6:52  SCV  
  79  6:53  Marine  
  81  6:54  Supply Depot x2  
  81  6:57  Engineering Bay, Marine  
  81  7:01  Widow Mine x2  
  82  7:02  Marine  
  82  7:07  Medivac  
  89  7:08  Marine x2  
  86  7:19  SCV x2  
  65  7:28  Marine x3  
  51  7:42  SCV  
  52  7:52  Marine  
  52  7:53  Marine x4  
  52  7:57  SCV  
  57  8:02  SCV  
  57  8:03  Terran Infantry Weapons Level 1  
  58  8:09  SCV  
  59  8:13  Combat Shields  
  59  8:14  SCV  
  60  8:21  SCV  
  60  8:24  Marine  
  60  8:25  Marine x4  
  60  8:26  SCV  
  67  8:30  Medivac  
  67  8:31  Medivac  
  71  8:35  SCV  
  71  8:38  SCV  
  73  8:41  Widow Mine x2  
  73  8:47  SCV  
  78  8:49  Marine  
  78  8:50  Marine x4  
  78  8:55  SCV  
  84  8:59  SCV  
  85  9:07  Marine, SCV  
  85  9:08  Supply Depot  
  87  9:10  Marine x2  
  87  9:11  SCV  
  87  9:12  Marine  
  91  9:18  Marine  
  81  9:32  Marine  
  81  9:33  Marine x2  
  81  9:34  Marine  
  81  9:37  SCV x2  
  87  9:45  Marine  
  81  9:46  Siege Tank  
  81  9:50  Marine  
  85  9:52  Marine  
  85  9:53  Marine x2, Medivac x2  
  85  9:59  SCV x2, Command Center  
  94  10:03  Marauder  
  96  10:13  Marine x3  
  96  10:14  Marine  
  92  10:30  Marauder  
  92  10:31  SCV x2  
  96  10:38  Marine  
  96  10:39  Marine x2  
  103  10:43  Marine, SCV x2  
Tags
 
Add a new tag
Caveats
  • Supply blocks, unpowered buildings, or Contaminate may cause inaccurate times.
  • Supply counts are checked every 10 seconds.